Map: Lerilak Crest

Players

Bogus - Winner!

  • Race: Protoss Protoss
  • League: Grandmaster

SticklerMac

  • Race: Terran Terran
  • League: Bronze

VOD

Have the link to the VOD?

Description

Time

  • Played on: July 28, 2015, 8:57 p.m.
  • Length: 9:07
Show
View Real Time Build Order
Export as new Build Order

Bogus Protoss - Winner!

Build Orders:  

Get SALT Encoding   

  12  0:10  Probe  
  12  0:13  Pylon  
  13  0:22  Probe  
  14  0:32  Gateway  
  14  0:37  Probe (Chrono Boost)  
  15  0:46  Assimilator  
  15  0:50  Assimilator  
  15  0:51  Probe (Chrono Boost)  
  16  1:01  Probe (Chrono Boost)  
  17  1:14  Probe (Chrono Boost)  
  18  1:21  Cybernetics Core  
  18  1:26  Probe (Chrono Boost)  
  19  1:33  Gateway  
  19  1:38  Probe (Chrono Boost)  
  20  1:48  Pylon  
  20  2:03  Mothership Core (Chrono Boost)  
  20  2:04  Warp Gate (Chrono Boost)  
  20  2:06  Stalker  
  24  2:20  Stalker  
  24  2:21  Probe (Chrono Boost)  
  27  2:29  Probe, Pylon  
  29  2:46  Stalker  
  30  3:00  Nexus  
  30  3:06  Sentry  
  32  3:17  Pylon  
  32  3:28  Probe (Chrono Boost)  
  32  3:32  Sentry, Pylon  
  35  3:40  Probe (Chrono Boost)  
  36  3:45  Gateway  
  36  3:48  Twilight Council  
  37  3:55  Probe, Pylon  
  37  4:09  Probe (Chrono Boost)  
  38  4:20  Forge  
  38  4:21  Gateway  
  38  4:30  Blink (Chrono Boost)  
  38  4:31  Probe  
  39  4:39  Probe  
  39  4:47  Dark Shrine  
  39  4:53  Probe  
  39  4:54  Probe  
  41  5:06  Probe  
  42  5:14  Protoss Ground Weapons Level 1 (Chrono Boost)  
  42  5:15  Probe (Chrono Boost)  
  42  5:18  Probe (Chrono Boost)  
  44  5:22  Zealot  
  44  5:23  Zealot x3  
  44  5:26  Probe (Chrono Boost)  
  44  5:28  Probe (Chrono Boost)  
  54  5:30  Assimilator  
  54  5:34  Probe (Chrono Boost), Assimilator  
  56  5:43  Pylon  
  56  5:45  Probe (Chrono Boost)  
  56  5:46  Probe (Chrono Boost)  
  57  5:52  Probe x2 (Chrono Boost)  
  59  6:07  Zealot x2  
  59  6:08  Dark Templar x2  
  59  6:10  Probe  
  59  6:11  Probe  
  69  6:17  Gateway  
  69  6:26  Pylon  
  69  6:30  Pylon  
  69  6:40  Dark Templar, Zealot x2  
  69  6:43  Probe  
  69  6:44  Probe  
  75  6:53  Gateway, Pylon  
  75  6:57  Gateway  
  63  7:03  Zealot x3  
  55  7:19  Stalker  
  55  7:21  Zealot  
  57  7:26  Dark Templar  
  57  7:27  Zealot x2  
  64  7:30  Probe (Chrono Boost)  
  64  7:35  Probe (Chrono Boost)  
  65  7:42  Gateway, Pylon  
  65  7:46  Sentry x2  
  69  7:52  Dark Templar  
  69  7:54  Dark Templar  
  73  8:00  Archon  
  73  8:08  Zealot  
  75  8:13  Nexus  
  75  8:26  Stargate  
  75  8:38  Pylon  
  75  8:54  Dark Templar  
  77  9:02  Zealot x3  
  83  9:03  Zealot x2  
Show
View Real Time Build Order
Export as new Build Order

SticklerMac Terran 

Build Orders:  

Get SALT Encoding   

  12  0:01  SCV  
  13  0:13  SCV  
  14  0:19  Supply Depot  
  14  0:25  SCV  
  15  0:40  SCV  
  15  0:42  Barracks  
  16  0:48  Refinery  
  16  0:53  SCV  
  17  1:05  SCV  
  18  1:22  SCV, Barracks  
  19  1:35  SCV  
  19  1:39  Barracks  
  20  1:42  Barracks Reactor  
  20  1:53  Barracks  
  20  2:01  Orbital Command  
  20  2:09  Barracks Reactor  
  20  2:36  Barracks Reactor  
  20  2:37  Marine x2  
  20  2:42  Marine  
  23  2:45  Barracks  
  23  2:50  Marine  
  23  3:15  Supply Depot x3  
  23  3:16  Supply Depot  
  23  3:18  Barracks Reactor  
  23  3:36  Marine x4  
  26  4:01  Marine x2  
  26  4:02  Marine x7  
  35  4:19  Marine  
  35  4:22  Marine x2  
  35  4:23  Marine x3  
  41  4:34  Marine x3  
  44  4:44  Marine x2  
  44  5:01  Marine x7  
  51  5:15  Marine x2  
  51  5:18  Marine  
  51  5:19  Marine  
  55  5:43  Supply Depot  
  55  5:45  Supply Depot  
  55  5:59  Marine  
  55  6:00  Marine  
  55  6:01  Marine  
  55  6:02  Marine  
  55  6:03  Marine x2  
  55  6:04  Marine x3  
  55  6:17  Marine  
  55  6:18  Marine  
  57  6:19  Marine x2  
  57  6:21  Marine x2  
  57  6:22  Marine x3  
  61  6:34  Marine  
  61  6:35  Marine  
  61  6:36  Marine  
  61  6:37  Marine  
  61  6:38  Marine  
  61  6:39  Marine x2  
  62  6:40  Marine x2  
  62  6:52  Marine  
  62  6:53  Marine  
  27  7:21  Orbital Command  
  20  8:10  SCV  
  20  8:12  Marine  
  21  8:13  Marine x3  
  21  8:14  Marine  
  26  8:24  Supply Depot  
Tags
 
Add a new tag
Caveats
  • Supply blocks, unpowered buildings, or Contaminate may cause inaccurate times.
  • Supply counts are checked every 10 seconds.